 Dungeon Crawl Stone Soup version 0.28.0-62-gf88900778d (webtiles) character file.

Game seed: 14761539315186284961

344 cbfl8 the Chopper (level 6, -6/56 HPs)
             Began as a Hill Orc Berserker on July 8, 2023.
             Was a Believer of Fedhas.
             Mangled by a polar bear (17 damage)
             ... created by the rage of Trog
             ... on level 4 of the Dungeon.
             The game lasted 00:02:48 (3472 turns).

cbfl8 the Chopper (Hill Orc Berserker)              Turns: 3472, Time: 00:02:48

Health: -6/56      AC: 10    Str: 20    XL:     6   Next: 58%
Magic:  6/6        EV:  8    Int:  7    God:    Fedhas [**....]
Gold:   129        SH:  0    Dex: 12    Spells: 5/5 levels left

rFire   . . .      SeeInvis .   a - +0 hand axe
rCold   . . .      Faith    .   (no shield)
rNeg    . . .      Spirit   .   f - +0 chain mail
rPois   +          Reflect  .   (no helmet)
rElec   .          Harm     .   (no cloak)
rCorr   .          Rampage  .   (no gloves)
Will    .....                   b - +0 pair of boots
Stlth   ..........              (no amulet)
HPRegen 0.18/turn               h - +4 ring of slaying
MPRegen 0.10/turn               j - ring of poison resistance

@: no status effects
A: no striking features
a: Renounce Religion, Wall of Briars


You were on level 4 of the Dungeon.
You worshipped Fedhas.
Fedhas was pleased with you.
You visited 1 branch of the dungeon, and saw 4 of its levels.

You collected 129 gold pieces.

Inventory:

Hand Weapons
 a - a +0 hand axe (weapon)
Armour
 b - a +0 pair of boots (worn)
 f - a +0 chain mail (worn)
Jewellery
 h - a +4 ring of slaying (left hand)
 j - a ring of poison resistance (right hand)
Scrolls
 i - a scroll of vulnerability {unknown}
Potions
 c - 4 potions of heal wounds
 d - a potion of mutation
 e - a potion of curing
 g - a potion of degeneration {unknown}


   Skills:
 + Level 5.1 Fighting
 + Level 6.5 Axes
 + Level 3.6 Armour
 - Level 1.5 Dodging
 + Level 0.6 Stealth
 * Level 2.6 Evocations


You had 5 spell levels left.
You didn't know any spells.
Your spell library contained the following spells:

 Spells                   Type           Power      Damage    Failure   Level
 Sting                    Tmut/Pois      0%         1d3       99%         1
 Poisonous Vapours        Pois/Air       0%         N/A       100%        2
 Call Canine Familiar     Summ           0%         N/A       100%        3
 Portal Projectile        Hex/Tloc       0%         N/A       100%        3
 Leda's Liquefaction      Hex/Erth       0%         N/A       100%        4
 Olgreb's Toxic Radiance  Pois           0%         N/A       100%        4


Dungeon Overview and Level Annotations

Branches:
Dungeon (4/15)
 Temple: D:4-7

Altars:
Fedhas

Shops:
D:3 :


Message History

The quokka bites you but does no damage.
You closely miss the quokka.
The quokka is almost dead.
The quokka closely misses you.
You miss the quokka.
The quokka is almost dead.
The quokka barely misses you. The quokka bites you.
You slash the quokka!
You kill the quokka!
Fedhas appreciates your contribution to the ecosystem.
You start resting.
You start resting.
j - a ring of poison resistance You start resting.
HP restored.
There are no items here.
j - a ring of poison resistance (right hand) Trog sends monsters to punish you.
A black bear and 2 polar bears come into view.
You barely miss the polar bear. You closely miss the black bear.
There are monsters nearby!
You hit the polar bear but do no damage.
You hit the black bear. The black bear bites you.
The black bear claws you but does no damage. x2
The polar bear bites you!!
The polar bear claws you but does no damage.
The polar bear barely misses you.
There are monsters nearby!
You closely miss the black bear.
The black bear is lightly wounded.
You hit the polar bear but do no damage.
You closely miss the polar bear. The black bear barely misses you.
The black bear claws you but does no damage.
The black bear claws you. The polar bear bites you!
* * * LOW HITPOINT WARNING * * *
The polar bear barely misses you. The polar bear claws you.
* * * LOW HITPOINT WARNING * * *
The polar bear bites you!
You die...
Fedhas appreciates your contribution to the ecosystem.

. . ##### .## ...##
#.. ####...##.#.#
#.........#.#
#<##...####h#
#.#....####@######
#.#.......h.h......
.........####.#######
###.....## #.#
#.....# #.# ...[...#
#.# .##.....# #.#
#.....# #.# ###.#.#
.#


You could see 2 polar bears and a black bear (berserk).

Vanquished Creatures
  Menkaure (D:4)
  Pargi (D:3)
  8 adders
  A worm (D:3)
  3 dart slugs
  4 endoplasms
  2 giant cockroaches
  6 goblins
  7 hobgoblins
  5 kobolds
  3 quokkas
  7 ball pythons
  3 bats
  2 frilled lizards
  3 rats
56 creatures vanquished.

Notes
Turn   | Place    | Note
-------+----------+-------------------------------------------
     0 | D:1      | cbfl8 the Hill Orc Berserker began the quest for the Orb.
     0 | D:1      | Reached XP level 1. HP: 19/19 MP: 1/1
    53 | D:1      | Found a faded altar of an unknown god.
   228 | D:1      | Prayed at the altar of an unknown god.
   228 | D:1      | Fell from the grace of Trog
   228 | D:1      | Became a worshipper of Fedhas Madash
   228 | D:1      | Reached * piety under Fedhas
   407 | D:1      | Reached XP level 2. HP: 26/27 MP: 2/2
  1420 | D:2      | Reached XP level 3. HP: 33/33 MP: 3/3
  1500 | D:2      | Reached skill level 1 in Evocations
  1676 | D:2      | Reached ** piety under Fedhas
  1997 | D:2      | Reached XP level 4. HP: 41/41 MP: 4/4
  2300 | D:3      | Found Giadd's Book Boutique.
  2333 | D:3      | Reached skill level 5 in Axes
  2523 | D:3      | Noticed Pargi
  2547 | D:3      | Killed Pargi
  2548 | D:3      | Reached XP level 5. HP: 4/47 MP: 5/5
  3046 | D:3      | Reached XP level 6. HP: 54/55 MP: 6/6
  3195 | D:3      | Noticed a polar bear
  3195 | D:3      | Noticed a black bear
  3195 | D:3      | Noticed a black bear
  3201 | D:4      | Noticed Menkaure
  3213 | D:4      | Killed Menkaure
  3214 | D:4      | Reached skill level 5 in Fighting
  3214 | D:4      | Reached skill level 6 in Axes
  3470 | D:4      | Noticed a black bear
  3470 | D:4      | Noticed a polar bear
  3470 | D:4      | Noticed a polar bear
  3472 | D:4      | Mangled by a polar bear

Illustrated notes

Levels and vault maps discovered:
D:1:      dpeg_arrival_more_subterranean_lakeside_camping, layout_basic,
          hellmonk_ecumenical_altar_pennies_from_heaven
D:2:      layout_loops_ring
D:3:      layout_rooms, serial_shops, nicolae_shop_stone, uniq_pargi
D:4:      layout_loops_ring, uniq_menkaure

Skill      XL: |  1  2  3  4  5  6 |
---------------+-------------------+-----
Fighting       | 4 5 |  5.1
Evocations     | 1 2 |  2.6
Axes           | 5 6 |  6.5
Armour         | 3 |  3.6
Dodging        | |  1.5
Stealth        | |  0.6

Action                   |  1- 3 |  4- 6 || total
-------------------------+-------+-------++-------
Melee: Hand axe          |   101 |    88 ||   189
       Punch             |     1 |       ||     1
  Use: Scroll            |     1 |     3 ||     4
Armor: Animal skin       |     6 |       ||     6
       Chain mail        |    39 |    71 ||   110
Dodge: Dodged            |    46 |    51 ||    97
